 Dungeon Crawl Stone Soup version 0.27.1-4-g1640c2035a (webtiles) character file.

Game seed: 17762402867553520317

60 MisterFreud the Chopper (level 4, -3/39 HPs)
             Began as a Hill Orc Abyssal Knight on Nov 3, 2021.
             Was a Follower of Lugonu.
             Killed from afar by Ijyb (13 damage)
             ... with a bolt of acid
             ... on level 3 of the Dungeon.
             The game lasted 00:02:29 (2254 turns).

MisterFreud the Chopper (Hill Orc Abyssal Knight)   Turns: 2254, Time: 00:02:30

Health: -3/39      AC: 12    Str: 15    XL:     4   Next: 4%
Magic:  5/5        EV:  6    Int: 12    God:    Lugonu [*.....]
Gold:   65         SH:  0    Dex: 10    Spells: 3/3 levels left

rFire    + . .     SeeInvis .   e - +0 hand axe (venom)
rCold    . . .     Faith    .   (no shield)
rNeg     . . .     Spirit   .   f - +4 chain mail {rF+}
rPois    .         Reflect  .   (no helmet)
rElec    .         Harm     .   (no cloak)
rCorr    .         Rampage  .   (no gloves)
Will     .....                  (no boots)
Stlth    ..........             (no amulet)
HPRegen  0.13/turn              (no ring)
MPRegen  0.09/turn              (no ring)

@: no status effects
A: no striking features
a: Renounce Religion, Depart the Abyss


You were on level 3 of the Dungeon.
You worshipped Lugonu.
Lugonu was aware of your devotion.
You visited 1 branch of the dungeon, and saw 3 of its levels.
You visited the Abyss 1 time.

You collected 65 gold pieces.

Inventory:

Hand Weapons
 a - a +1 hand axe
 e - a +0 hand axe of venom (weapon)
Armour
 b - a +0 leather armour
 f - a +4 chain mail of fire resistance (worn)
Scrolls
 c - a scroll of magic mapping {unknown}
 d - a scroll of enchant weapon {unknown}
Potions
 g - a potion of resistance {unknown}


   Skills:
 - Level 3.6 Fighting
 + Level 5.6 Axes
 + Level 2.1 Armour
 - Level 0.7 Dodging
 - Level 2.4 Invocations


You had 3 spell levels left.
You didn't know any spells.
Your spell library was empty.

Dungeon Overview and Level Annotations

Branches:
Dungeon (3/15)

Altars:

Shops:
D:3 =

Annotations:
D:2 Terence
D:3 Ijyb


Message History

You kill the rat!
Lugonu accepts your kill.
You feel sick.
You feel sick.
You see here a rat corpse.
You start resting.
You feel sick. x3
You are no longer poisoned.
Things that are here:
a +0 hand axe of venom; a +4 chain mail of fire resistance; an orc corpse
e - a +0 hand axe of venom;
f - a +4 chain mail of fire resistance Your +0 hand axe of venom begins to drip with poison!
e - a +0 hand axe of venom (weapon)
You start removing your armour.
You continue taking off your +0 leather armour. x4
You finish taking off your +0 leather armour.
You start putting on your armour.
You continue putting on your +4 chain mail of fire resistance. x5
You finish putting on your +4 chain mail of fire resistance.
You feel resistant to fire.
Unknown command.
You start resting.
HP restored.
You now have 65 gold pieces (gained 12).
g - a fizzy inky potion Ijyb the Twisted Goblin comes into view.
She is wielding a +0 club and carrying a wand of acid (8).
Ijyb shouts!
Ijyb is nearby!
Ijyb is nearby!
Ijyb screams, "You nasty!
Big nasty!"
Ijyb hits you but does no damage.
You hit Ijyb but do no damage.
Ijyb is poisoned.
Ijyb hits you but does no damage.
You hit Ijyb.
Ijyb looks as sick as possible!
Ijyb is lightly wounded.
Ijyb zaps a wand.
The bolt of acid hits you!
You are splashed with acid!
* * * LOW HITPOINT WARNING * * *
You hit Ijyb.
Ijyb is severely wounded.
Ijyb zaps a wand.
The bolt of acid hits you!
You die...

## #. #. .# #
#.####.#..
#.##....#.#.#
#....g..#.#.####
##..##@..........
##....#..........
..............##.#
..................
............####..
.#####...........#
...####....[......##
#.........<......####
...###.........##..<.#


You could see Ijyb (extremely poisoned).

Vanquished Creatures
  2 adders
  2 worms (D:2)
  2 orcs (D:3)
  2 bats (D:1)
  2 endoplasms (D:1)
  2 giant cockroaches (D:1)
  4 goblins
  3 hobgoblins
  A quokka (D:1)
  2 ball pythons
  4 frilled lizards
  4 kobolds
  3 rats
33 creatures vanquished.

Notes
Turn   | Place    | Note
-------+----------+-------------------------------------------
     0 | Abyss:1  | MisterFreud the Hill Orc Abyssal Knight began the quest for
                  | the Orb.
     0 | Abyss:1  | Reached XP level 1. HP: 19/19 MP: 2/2
    55 | Abyss:1  | Noticed a small abomination
    56 | D:1      | Escaped the Abyss
   258 | D:1      | Reached skill level 3 in Axes
   380 | D:1      | Reached XP level 2. HP: 26/26 MP: 3/3
   552 | D:1      | Reached skill level 4 in Axes
   592 | D:1      | Reached * piety under Lugonu
  1297 | D:2      | Reached XP level 3. HP: 26/31 MP: 4/4
  1365 | D:2      | Reached skill level 5 in Axes
  1628 | D:2      | Noticed Terence
  1923 | D:3      | Found Vuonurghynu's Jewellery Emporium.
  1931 | D:3      | Reached XP level 4. HP: 30/39 MP: 5/5
  2248 | D:3      | Noticed Ijyb
  2254 | D:3      | Killed from afar by Ijyb

Illustrated notes

Levels and vault maps discovered:
D:1:      denvon_arrival_waterhouse, layout_basic
D:2:      layout_rooms, uniq_natasha, uniq_terence, uniq_crazy_yiuf_cottage
D:3:      layout_rooms, lightli_temple_of_fire, serial_shops,
          nicolae_shop_behind_doors,
          nicolae_shop_temple_entry_statues_fountains, shop,
          hellmonk_ecumenical_altar_crossroads, uniq_ijyb

Skill      XL: |  1  2  3 |
---------------+----------+-----
Axes           | 3 4 5 |  5.6
Fighting       | |  3.6
Armour         | |  2.1
Dodging        | |  0.7
Invocations    | |  2.4

Action                   |  1- 3 |  4- 6 || total
-------------------------+-------+-------++-------
Melee: Hand axe          |   112 |    11 ||   123
Invok: Depart the Abyss  |     1 |       ||     1
Armor: Leather armour    |    23 |     1 ||    24
       Chain mail        |       |     2 ||     2
Dodge: Dodged            |    69 |     3 ||    72
